AoeStats
← polloasadom

Fortress

510835945Analyzed
1v1 RM · 7h ago on Oct 2, 2026· 64m 34s· 2 players
Game mode
Random Map
Map size
Small (3 player)
Population
200
Speed
Normal
Resources
Standard
Victory
Conquest
Starting age
Dark Age
Ending age
Imperial Age
RankedLock teamsTeams togetherTeam positionsShared explorationLock speedFull tech treeHidden civsTurbo modeCheats
Victory
Defeat
🇺🇸 Slavs · United States
961
+17
🇦🇷 Ethiopians · Argentina
988
-17
Gil-Galad
6:56 Feudal Age
6:09 Loom
11:35 Castle Age
9:52 Horse Collar
10:33 Double-Bit Axe
12:57 Wheelbarrow
14:57 Bow Saw
19:19 Detinets
19:38 Town Watch
23:04 Hand Cart
23:22 Gold Mining
24:06 Heavy Plow
24:52 Gold Shaft Mining
27:33 Imperial Age
25:31 Scale Barding Armor
25:17 Fletching
25:34 Squires
26:20 Bloodlines
26:11 Husbandry
27:00 Chain Barding Armor
26:51 Forging
27:23 Ballistics
27:37 Scale Mail Armor
27:34 Bodkin Arrow
28:14 Masonry
28:43 Conscription
29:40 Hoardings
28:55 Cavalier
30:18 Plate Barding Armor
31:06 Onager
31:57 Padded Archer Armor
32:49 Town Patrol
32:57 Siege Engineers
33:47 Iron Casting
34:00 Siege Onager
37:21 Chemistry
36:34 Fortified Wall
37:35 Leather Archer Armor
38:22 Blast Furnace
38:55 Elite Skirmisher
46:07 Druzhina
45:27 Elite Boyar
47:44 Pikeman
49:33 Halberdier
50:45 Murder Holes
50:58 Capped Ram
51:11 Man-at-Arms
51:50 Siege Ram
52:04 Long Swordsman
52:53 Two-Handed Swordsman
53:42 Champion
56:51 Light Cavalry
57:58 Hussar
polloasadom
8:40 Feudal Age
8:10 Loom
12:29 Castle Age
12:14 Fletching
12:26 Padded Archer Armor
13:35 Crossbowman
14:26 Double-Bit Axe
14:34 Gold Mining
14:26 Horse Collar
15:47 Bodkin Arrow
18:41 Bow Saw
21:15 Wheelbarrow
21:43 Heavy Plow
25:35 Imperial Age
24:47 Ballistics
24:45 Leather Archer Armor
25:31 Thumb Ring
26:00 Halberdier
27:43 Chemistry
27:24 Bracer
28:36 Forging
28:25 Arbalester
30:01 Conscription
30:14 Town Watch
30:45 Hand Cart
31:21 Iron Casting
34:17 Blast Furnace
37:10 Two-Man Saw
36:51 Gold Shaft Mining
36:06 Stone Mining
40:02 Scale Mail Armor
40:32 Ring Archer Armor
41:10 Chain Mail Armor
43:19 Elite Shotel Warrior
45:14 Plate Mail Armor
45:36 Elite Skirmisher
46:24 Scale Barding Armor
53:43 Arson
53:59 Squires
61:24 Chain Barding Armor
60:29 Light Cavalry
61:10 Husbandry
Connection lost

Rejoining the realm…

Still unreachable

The connection could not be restored.

Session expired

The server has moved on; the page needs a fresh start.